[ PARTIDA AOE2 · #471313791 ]
UnrankedMongoles vs Ethiopians
Equipo del jugador · DERR
[ ANÁLISIS DE REPETICIÓN · EXTRAÍDO DE LA PARTIDA GRABADA ]
Feudal
11:13
Castillos
15:49
Imperial
39:58
| APM promedio | 42.9 |
| APM pico | 78 |
| eAPM promedio | 22.9 |
| Aldeanos / militares | 146 / 143 |
Foco
⚔️ 22.8% · 🌾 77.2%
Scorpion ×75 · Trade Cart ×42 · Mangudai ×29 · Mangonel ×24 · Battering Ram ×11 · Petard ×3
Feudal
11:24
Castillos
15:40
Imperial
29:14
| APM promedio | 29.3 |
| APM pico | 89 |
| eAPM promedio | 19.2 |
| Aldeanos / militares | 128 / 550 |
Foco
⚔️ 34.4% · 🌾 65.6%
Skirmisher ×260 · Spearman ×180 · Leitis ×88 · Bombard Cannon ×20 · Trade Cart ×11 · Monk ×2
Feudal
12:10
Castillos
16:12
Imperial
40:35
| APM promedio | 35.0 |
| APM pico | 87 |
| eAPM promedio | 19.3 |
| Aldeanos / militares | 163 / 72 |
Foco
⚔️ 20.4% · 🌾 79.6%
Scout Cavalry ×30 · Spearman ×15 · Shotel Warrior ×13 · Petard ×7 · Mangonel ×7
Feudal
13:22
Castillos
17:52
Imperial
30:37
| APM promedio | 31.8 |
| APM pico | 65 |
| eAPM promedio | 17.9 |
| Aldeanos / militares | 117 / 515 |
Foco
⚔️ 38.5% · 🌾 61.5%
Scout Cavalry ×216 · Tarkan ×175 · Cavalry Archer ×84 · Fishing Ship ×57 · Battering Ram ×29 · Trade Cart ×23
Feudal
12:37
Castillos
16:12
Imperial
32:30
| APM promedio | 52.1 |
| APM pico | 115 |
| eAPM promedio | 27.1 |
| Aldeanos / militares | 151 / 713 |
Foco
⚔️ 42.1% · 🌾 57.9%
Spearman ×386 · Huskarl ×258 · Militia ×50 · Fishing Ship ×26 · Trade Cart ×23 · Skirmisher ×11
Feudal
12:16
Castillos
25:00
Imperial
43:53
| APM promedio | 55.9 |
| APM pico | 92 |
| eAPM promedio | 35.5 |
| Aldeanos / militares | 154 / 312 |
Foco
⚔️ 41.0% · 🌾 59.0%
Scout Cavalry ×133 · Cavalry Archer ×107 · Trade Cart ×90 · Galley ×31 · Fire Galley ×13 · Fire Lancer ×10
Feudal
13:24
Castillos
18:05
Imperial
32:23
| APM promedio | 20.2 |
| APM pico | 38 |
| eAPM promedio | 14.3 |
| Aldeanos / militares | 123 / 157 |
Foco
⚔️ 25.0% · 🌾 75.0%
Cavalry Archer ×112 · Trade Cart ×73 · Mangonel ×37 · Battering Ram ×7 · Scout Cavalry ×1
Feudal
15:44
Castillos
19:27
Imperial
38:44
| APM promedio | 43.4 |
| APM pico | 101 |
| eAPM promedio | 31.5 |
| Aldeanos / militares | 204 / 224 |
Foco
⚔️ 37.7% · 🌾 62.3%
Scout Cavalry ×123 · Steppe Lancer ×63 · Iron Pagoda ×13 · Unknown (1908) ×11 · Monk ×10 · Galley ×7
Mapa de la partida
Recursos iniciales + cada clic de construcción. Líneas = muros · curvas = relieve. ◆ oro · ⬟ piedra · ● bayas · ✦ reliquia · ◌ hueco del cierre
Tu base· ✓ Cerrada en 15:49 · 44t muro · sin puerta
Base de [Anvil] Nikolettafraoula· ✓ Cerrada en 15:40 · 27t muro · frágil
Base de JimmyButler_AoE· Abierta — el rival se encerró
Base de LordCow· ✓ Cerrada en 17:52 · 14t muro · sin puerta
Base de iThink· Abierta — el rival se encerró
Base de trói em vào cột điện· ✓ Cerrada en 25:00 · 16t muro · sin puerta
Base de Migulu· Abierta — el rival se encerró
Base de Bizzy· Abierta — el rival se encerró
Terreno inicial suavizado · ◌ = hueco del cierre detectado · pasá el cursor para detalles
Inputs por minuto
— SpeeDiK - - [Anvil] Nikolettafraoula
Build order — SpeeDiK
Primeras 150 de 419 acciones detectadas
| 0:00 | Crear | Villager (Male) ×4 |
| 0:02 | Construir | House |
| 0:02 | Construir | House |
| 0:11 | Investigar | Loom |
| 0:11 | Crear | Villager (Male) ×3 |
| 0:38 | Construir | Palisade Wall |
| 2:29 | Crear | Villager (Male) |
| 2:40 | Construir | Palisade Wall |
| 2:56 | Crear | Villager (Male) |
| 3:04 | Construir | Lumber Camp |
| 3:22 | Crear | Villager (Male) |
| 4:03 | Construir | Palisade Wall |
| 4:14 | Crear | Villager (Male) |
| 4:18 | Crear | Villager (Male) |
| 4:53 | Construir | House |
| 4:58 | Crear | Villager (Male) |
| 4:59 | Crear | Villager (Male) |
| 5:23 | Crear | Villager (Male) |
| 5:23 | Crear | Villager (Male) |
| 5:36 | Construir | Palisade Wall |
| 5:56 | Crear | Villager (Male) |
| 5:56 | Crear | Villager (Male) |
| 6:24 | Construir | House |
| 6:57 | Construir | Mill |
| 7:37 | Crear | Villager (Male) |
| 7:38 | Crear | Villager (Male) |
| 8:36 | Crear | Villager (Male) |
| 9:03 | Investigar | Feudal Age |
| 9:03 | Investigar | Feudal Age |
| 9:33 | Construir | Mining Camp |
| 10:30 | Crear | Villager (Male) |
| 10:34 | Crear | Villager (Male) |
| 10:44 | Construir | House |
| 11:13 | Edad | Edad Feudal |
| 11:25 | Construir | Stone Wall |
| 11:32 | Construir | Stone Wall |
| 11:42 | Construir | Market |
| 12:01 | Crear | Villager (Male) |
| 12:15 | Construir | Blacksmith |
| 12:44 | Crear | Villager (Male) |
| 13:03 | Investigar | Castle Age |
| 13:10 | Construir | Outpost |
| 13:19 | Construir | Mining Camp |
| 13:31 | Construir | Stone Wall |
| 13:41 | Construir | Outpost |
| 13:55 | Investigar | Double-Bit Axe |
| 14:37 | Crear | Villager (Male) |
| 14:56 | Construir | House |
| 15:28 | Crear | Villager (Male) |
| 15:49 | Edad | Edad de los Castillos |
| 15:55 | Construir | Siege Workshop |
| 16:07 | Investigar | Fletching |
| 16:07 | Investigar | Fletching |
| 16:11 | Crear | Villager (Male) |
| 16:27 | Crear | Mangonel |
| 16:52 | Crear | Mangonel |
| 17:09 | Construir | Castle |
| 17:27 | Crear | Villager (Male) |
| 17:52 | Crear | Villager (Male) |
| 18:30 | Crear | Mangudai |
| 18:38 | Crear | Villager (Male) |
| 18:39 | Crear | Villager (Male) |
| 18:50 | Crear | Mangudai |
| 19:07 | Crear | Villager (Male) |
| 19:23 | Crear | Mangudai |
| 19:28 | Crear | Mangudai |
| 19:37 | Construir | Outpost |
| 19:41 | Crear | Mangudai |
| 20:21 | Investigar | Bodkin Arrow |
| 20:22 | Crear | Mangudai |
| 20:36 | Construir | House |
| 20:43 | Crear | Villager (Male) |
| 20:49 | Construir | Lumber Camp |
| 21:19 | Crear | Mangudai |
| 21:25 | Construir | Stone Wall |
| 21:35 | Crear | Mangudai |
| 22:11 | Construir | Farm |
| 22:13 | Construir | Farm |
| 22:13 | Construir | Farm |
| 22:13 | Construir | Farm |
| 22:14 | Construir | Farm |
| 22:14 | Construir | Farm |
| 22:14 | Construir | Farm |
| 22:23 | Crear | Mangudai |
| 22:55 | Crear | Villager (Male) |
| 22:59 | Construir | Farm |
| 22:59 | Construir | Farm |
| 22:59 | Construir | Farm |
| 23:00 | Construir | Farm |
| 23:04 | Construir | Farm |
| 23:42 | Crear | Mangudai |
| 23:42 | Crear | Mangudai |
| 23:43 | Crear | Villager (Male) |
| 24:04 | Crear | Mangudai |
| 25:30 | Crear | Villager (Male) |
| 25:30 | Crear | Villager (Male) |
| 25:32 | Construir | Farm |
| 25:34 | Investigar | Horse Collar |
| 25:34 | Investigar | Horse Collar |
| 25:36 | Investigar | Bow Saw |
| 25:45 | Construir | Gate |
| 25:50 | Crear | Mangonel |
| 25:57 | Crear | Villager (Male) |
| 26:31 | Investigar | Wheelbarrow |
| 26:56 | Crear | Villager (Male) |
| 27:00 | Crear | Villager (Male) |
| 27:22 | Crear | Villager (Male) |
| 27:24 | Crear | Mangudai |
| 27:34 | Construir | Town Center |
| 27:46 | Crear | Villager (Male) |
| 27:53 | Crear | Mangudai |
| 27:53 | Crear | Mangudai |
| 29:01 | Crear | Villager (Male) |
| 29:01 | Crear | Villager (Male) |
| 29:02 | Crear | Villager (Male) |
| 29:02 | Crear | Villager (Male) |
| 29:07 | Construir | Town Center |
| 29:14 | Investigar | Gold Mining |
| 29:14 | Investigar | Gold Mining |
| 29:15 | Crear | Villager (Male) |
| 29:20 | Construir | Lumber Camp |
| 29:36 | Crear | Villager (Male) |
| 29:37 | Crear | Villager (Male) |
| 29:53 | Investigar | Heavy Plow |
| 29:58 | Crear | Villager (Male) |
| 30:10 | Crear | Villager (Male) |
| 30:10 | Crear | Villager (Male) |
| 30:11 | Crear | Villager (Male) |
| 30:11 | Crear | Villager (Male) |
| 30:22 | Construir | Town Center |
| 30:25 | Crear | Villager (Male) |
| 30:50 | Crear | Villager (Male) |
| 30:51 | Crear | Villager (Male) |
| 30:52 | Crear | Villager (Male) |
| 30:52 | Crear | Villager (Male) |
| 30:52 | Crear | Villager (Male) |
| 30:54 | Construir | Farm |
| 30:57 | Construir | Farm |
| 30:58 | Construir | Farm |
| 30:58 | Construir | Farm |
| 31:04 | Investigar | Stone Mining |
| 31:17 | Crear | Villager (Male) |
| 31:20 | Construir | Farm |
| 31:21 | Construir | Farm |
| 31:22 | Construir | Farm |
| 31:28 | Crear | Villager (Male) |
| 31:28 | Crear | Villager (Male) |
| 31:32 | Construir | Farm |
| 31:34 | Construir | House |
| 31:38 | Construir | House |
Build order — [Anvil] Nikolettafraoula
Primeras 150 de 513 acciones detectadas
| 0:02 | Crear | Villager (Male) |
| 0:02 | Crear | Villager (Male) |
| 0:04 | Construir | House |
| 0:05 | Construir | House |
| 0:32 | Crear | Villager (Male) |
| 0:33 | Crear | Villager (Male) |
| 0:36 | Crear | Villager (Male) |
| 0:41 | Crear | Villager (Male) |
| 1:33 | Crear | Villager (Male) |
| 2:13 | Crear | Villager (Male) |
| 2:21 | Construir | Lumber Camp |
| 2:23 | Crear | Villager (Male) |
| 3:01 | Investigar | Loom |
| 3:21 | Construir | House |
| 3:53 | Construir | Palisade Wall |
| 4:01 | Crear | Villager (Male) |
| 4:01 | Crear | Villager (Male) |
| 4:32 | Crear | Villager (Male) |
| 4:37 | Crear | Villager (Male) |
| 4:57 | Crear | Villager (Male) |
| 5:04 | Construir | Palisade Wall |
| 5:15 | Construir | Palisade Wall |
| 5:31 | Construir | Palisade Wall |
| 5:32 | Crear | Villager (Male) |
| 5:44 | Construir | House |
| 6:14 | Crear | Villager (Male) |
| 6:24 | Construir | Mill |
| 7:00 | Crear | Villager (Male) |
| 7:01 | Crear | Villager (Male) |
| 7:54 | Crear | Villager (Male) |
| 7:54 | Crear | Villager (Male) |
| 7:55 | Crear | Villager (Male) |
| 8:56 | Construir | Mining Camp |
| 9:14 | Investigar | Feudal Age |
| 9:31 | Construir | House |
| 11:24 | Edad | Edad Feudal |
| 11:35 | Crear | Villager (Male) |
| 11:36 | Crear | Villager (Male) |
| 11:55 | Construir | Market |
| 11:58 | Construir | Blacksmith |
| 12:16 | Investigar | Double-Bit Axe |
| 12:25 | Crear | Villager (Male) |
| 12:27 | Construir | House |
| 13:00 | Investigar | Castle Age |
| 13:26 | Investigar | Horse Collar |
| 15:03 | Crear | Villager (Male) |
| 15:34 | Crear | Villager (Male) |
| 15:40 | Edad | Edad de los Castillos |
| 15:44 | Construir | Town Center |
| 15:54 | Construir | Town Center |
| 16:23 | Construir | Town Center |
| 16:31 | Crear | Villager (Male) |
| 16:53 | Construir | Farm |
| 16:56 | Crear | Villager (Male) |
| 17:02 | Crear | Villager (Male) |
| 17:06 | Construir | Farm |
| 17:12 | Construir | Farm |
| 17:20 | Crear | Villager (Male) |
| 17:22 | Construir | Farm |
| 17:24 | Crear | Villager (Male) |
| 17:30 | Crear | Villager (Male) |
| 17:40 | Crear | Villager (Male) |
| 17:40 | Crear | Villager (Male) |
| 17:41 | Crear | Villager (Male) |
| 17:50 | Investigar | Heavy Plow |
| 17:57 | Crear | Villager (Male) |
| 18:01 | Crear | Villager (Male) |
| 18:03 | Crear | Villager (Male) |
| 18:08 | Construir | Farm |
| 18:10 | Construir | Farm |
| 18:12 | Crear | Villager (Male) |
| 18:14 | Crear | Villager (Male) |
| 18:19 | Construir | Farm |
| 18:27 | Construir | Farm |
| 18:41 | Crear | Villager (Male) |
| 18:42 | Crear | Villager (Male) |
| 18:43 | Crear | Villager (Male) |
| 18:46 | Investigar | Wheelbarrow |
| 18:49 | Construir | Farm |
| 18:51 | Construir | Farm |
| 18:54 | Crear | Villager (Male) |
| 18:57 | Construir | Farm |
| 19:04 | Construir | Farm |
| 19:06 | Crear | Villager (Male) |
| 19:09 | Crear | Villager (Male) |
| 19:13 | Construir | Farm |
| 19:16 | Construir | Farm |
| 19:21 | Crear | Villager (Male) |
| 19:28 | Construir | Farm |
| 19:34 | Crear | Villager (Male) |
| 19:46 | Construir | House |
| 19:47 | Construir | House |
| 19:52 | Investigar | Town Watch |
| 19:53 | Crear | Villager (Male) |
| 19:56 | Construir | Farm |
| 20:18 | Crear | Villager (Male) |
| 20:18 | Crear | Villager (Male) |
| 20:19 | Crear | Villager (Male) |
| 20:19 | Crear | Villager (Male) |
| 20:20 | Crear | Villager (Male) |
| 20:20 | Crear | Villager (Male) |
| 20:23 | Construir | Farm |
| 20:27 | Construir | Farm |
| 20:31 | Construir | Farm |
| 20:35 | Construir | Farm |
| 20:43 | Crear | Villager (Male) |
| 20:45 | Crear | Villager (Male) |
| 20:48 | Construir | Farm |
| 20:53 | Construir | House |
| 20:55 | Construir | Farm |
| 20:56 | Construir | Farm |
| 21:09 | Construir | Farm |
| 21:10 | Construir | Farm |
| 21:17 | Construir | Farm |
| 21:18 | Construir | Farm |
| 21:22 | Construir | Farm |
| 21:23 | Construir | Farm |
| 21:25 | Crear | Villager (Male) |
| 21:26 | Crear | Villager (Male) |
| 21:27 | Crear | Villager (Male) |
| 21:29 | Construir | Farm |
| 21:32 | Construir | Farm |
| 21:36 | Construir | Farm |
| 21:40 | Construir | Farm |
| 21:44 | Crear | Villager (Male) |
| 21:44 | Crear | Villager (Male) |
| 21:45 | Crear | Villager (Male) |
| 21:46 | Crear | Villager (Male) |
| 21:49 | Construir | House |
| 22:02 | Crear | Villager (Male) |
| 22:05 | Construir | Farm |
| 22:09 | Crear | Villager (Male) |
| 22:11 | Construir | Farm |
| 22:13 | Construir | Farm |
| 22:21 | Construir | Farm |
| 22:35 | Crear | Villager (Male) |
| 22:35 | Crear | Villager (Male) |
| 22:36 | Crear | Villager (Male) |
| 22:36 | Crear | Villager (Male) |
| 22:36 | Crear | Villager (Male) |
| 23:18 | Construir | Mining Camp |
| 23:24 | Investigar | Hand Cart |
| 23:33 | Construir | House |
| 23:34 | Construir | House |
| 23:35 | Construir | House |
| 23:40 | Crear | Villager (Male) |
| 23:40 | Crear | Villager (Male) |
| 23:43 | Crear | Villager (Male) |
| 23:45 | Construir | Farm |
| 23:47 | Construir | Farm |
Build order — JimmyButler_AoE
Primeras 150 de 408 acciones detectadas
| 0:02 | Crear | Villager (Male) ×4 |
| 0:04 | Construir | House |
| 0:07 | Construir | House |
| 0:31 | Investigar | Loom |
| 0:52 | Crear | Villager (Male) |
| 0:52 | Crear | Villager (Male) |
| 2:15 | Crear | Villager (Male) |
| 2:49 | Construir | Palisade Wall |
| 2:53 | Crear | Villager (Male) |
| 3:03 | Construir | Palisade Wall |
| 3:19 | Crear | Villager (Male) |
| 3:34 | Construir | Lumber Camp |
| 3:50 | Construir | Lumber Camp |
| 3:55 | Crear | Villager (Male) |
| 4:38 | Crear | Villager (Male) |
| 4:48 | Crear | Villager (Male) |
| 4:53 | Construir | House |
| 5:15 | Construir | House |
| 5:20 | Construir | House |
| 5:32 | Crear | Villager (Male) |
| 5:46 | Crear | Villager (Male) |
| 6:11 | Construir | Palisade Wall |
| 6:20 | Crear | Villager (Male) |
| 6:38 | Crear | Villager (Male) |
| 6:44 | Construir | Mill |
| 7:16 | Crear | Villager (Male) |
| 7:44 | Construir | House |
| 7:55 | Crear | Villager (Male) |
| 7:58 | Crear | Villager (Male) |
| 8:27 | Construir | Palisade Wall |
| 8:35 | Crear | Villager (Male) |
| 8:47 | Construir | Palisade Wall |
| 8:58 | Crear | Villager (Male) |
| 9:14 | Crear | Villager (Male) |
| 9:58 | Investigar | Feudal Age |
| 10:04 | Construir | Mining Camp |
| 10:31 | Crear | Villager (Male) |
| 10:36 | Construir | Palisade Wall |
| 10:39 | Construir | Palisade Wall |
| 12:10 | Edad | Edad Feudal |
| 12:19 | Construir | Market |
| 13:05 | Crear | Villager (Male) |
| 13:07 | Construir | Blacksmith |
| 13:32 | Investigar | Castle Age |
| 14:47 | Investigar | Double-Bit Axe |
| 14:55 | Construir | Stone Wall |
| 15:09 | Construir | Stone Wall |
| 15:10 | Construir | Stone Wall |
| 15:47 | Crear | Villager (Male) |
| 15:54 | Construir | House |
| 16:11 | Crear | Villager (Male) |
| 16:12 | Edad | Edad de los Castillos |
| 16:18 | Construir | Town Center |
| 16:53 | Crear | Villager (Male) |
| 17:06 | Crear | Villager (Male) |
| 17:06 | Crear | Villager (Male) |
| 17:20 | Crear | Villager (Male) |
| 17:20 | Crear | Villager (Male) |
| 17:24 | Crear | Villager (Male) |
| 17:24 | Crear | Villager (Male) |
| 17:25 | Crear | Villager (Male) |
| 17:47 | Investigar | Horse Collar |
| 17:50 | Investigar | Bow Saw |
| 17:59 | Crear | Villager (Male) |
| 17:59 | Crear | Villager (Male) |
| 18:02 | Construir | Farm |
| 18:29 | Construir | Stone Wall |
| 18:36 | Construir | Stone Wall |
| 18:53 | Construir | Stone Wall |
| 19:02 | Construir | Siege Workshop |
| 19:51 | Construir | Lumber Camp |
| 19:59 | Crear | Mangonel |
| 20:35 | Construir | Siege Workshop |
| 22:02 | Crear | Mangonel |
| 22:27 | Crear | Villager (Male) |
| 22:46 | Construir | House |
| 23:28 | Crear | Villager (Male) |
| 23:28 | Crear | Villager (Male) |
| 24:17 | Construir | Mining Camp |
| 25:44 | Crear | Villager (Male) |
| 25:45 | Crear | Villager (Male) |
| 26:07 | Crear | Villager (Male) |
| 26:20 | Construir | Farm |
| 26:28 | Crear | Villager (Male) |
| 26:29 | Crear | Villager (Male) |
| 26:29 | Crear | Villager (Male) |
| 26:29 | Crear | Villager (Male) |
| 26:29 | Crear | Villager (Male) |
| 26:30 | Crear | Villager (Male) |
| 26:30 | Crear | Villager (Male) |
| 26:37 | Investigar | Heavy Plow |
| 26:39 | Crear | Villager (Male) |
| 26:47 | Construir | Gate |
| 26:57 | Construir | Farm |
| 27:03 | Construir | Farm |
| 27:22 | Construir | Farm |
| 27:34 | Construir | Farm |
| 27:35 | Construir | Farm |
| 27:35 | Construir | Farm |
| 27:38 | Construir | House |
| 27:57 | Crear | Villager (Male) |
| 28:10 | Construir | Lumber Camp |
| 28:13 | Construir | Town Center |
| 28:21 | Construir | Farm |
| 28:21 | Construir | Farm |
| 28:22 | Construir | Farm |
| 28:35 | Crear | Villager (Male) |
| 28:39 | Construir | House |
| 28:42 | Construir | House |
| 28:47 | Construir | House |
| 28:49 | Construir | House |
| 28:57 | Crear | Villager (Male) |
| 29:00 | Construir | Farm |
| 29:07 | Construir | Farm |
| 29:09 | Construir | Farm |
| 29:13 | Construir | House |
| 29:16 | Crear | Villager (Male) |
| 29:35 | Construir | House |
| 29:36 | Construir | House |
| 29:58 | Crear | Villager (Male) |
| 29:58 | Crear | Villager (Male) |
| 30:04 | Construir | Farm |
| 30:09 | Crear | Villager (Male) |
| 30:18 | Investigar | Gold Mining |
| 30:20 | Crear | Villager (Male) |
| 30:28 | Construir | Farm |
| 30:40 | Crear | Villager (Male) |
| 30:40 | Crear | Villager (Male) |
| 30:43 | Crear | Villager (Male) |
| 30:55 | Construir | Farm |
| 31:00 | Construir | Farm |
| 31:01 | Crear | Villager (Male) |
| 31:18 | Construir | Outpost |
| 31:20 | Crear | Villager (Male) |
| 31:21 | Crear | Villager (Male) |
| 31:31 | Construir | Farm |
| 31:32 | Construir | Farm |
| 31:32 | Construir | Farm |
| 31:43 | Construir | Town Center |
| 31:48 | Crear | Villager (Male) |
| 31:49 | Crear | Villager (Male) |
| 31:58 | Crear | Villager (Male) |
| 32:17 | Crear | Villager (Male) |
| 32:18 | Crear | Villager (Male) |
| 32:27 | Construir | Farm |
| 32:27 | Construir | Farm |
| 32:28 | Construir | Farm |
| 32:28 | Construir | Farm |
| 32:28 | Construir | Farm |
| 32:44 | Crear | Villager (Male) |
Build order — LordCow
Primeras 150 de 486 acciones detectadas
| 0:01 | Crear | Villager (Male) |
| 0:02 | Crear | Villager (Male) |
| 0:31 | Crear | Villager (Male) |
| 0:32 | Crear | Villager (Male) |
| 0:32 | Crear | Villager (Male) |
| 1:39 | Crear | Villager (Male) |
| 1:40 | Crear | Villager (Male) |
| 2:30 | Crear | Villager (Male) |
| 2:30 | Crear | Villager (Male) |
| 2:30 | Crear | Villager (Male) |
| 2:51 | Crear | Villager (Male) |
| 2:51 | Crear | Villager (Male) |
| 3:25 | Crear | Villager (Male) |
| 3:26 | Crear | Villager (Male) |
| 3:27 | Crear | Villager (Male) |
| 4:37 | Crear | Villager (Male) |
| 4:46 | Construir | Dock |
| 5:16 | Crear | Villager (Male) |
| 5:16 | Crear | Villager (Male) |
| 5:17 | Crear | Villager (Male) |
| 5:38 | Crear | Fishing Ship |
| 5:56 | Construir | Lumber Camp |
| 6:16 | Investigar | Loom |
| 6:37 | Crear | Villager (Male) |
| 6:38 | Crear | Villager (Male) |
| 7:00 | Crear | Fishing Ship |
| 7:10 | Construir | Palisade Wall |
| 7:41 | Crear | Villager (Male) |
| 7:41 | Crear | Villager (Male) |
| 7:42 | Crear | Villager (Male) |
| 8:27 | Crear | Villager (Male) |
| 8:28 | Crear | Villager (Male) |
| 8:28 | Crear | Fishing Ship |
| 8:44 | Crear | Villager (Male) |
| 8:48 | Crear | Fishing Ship |
| 8:56 | Crear | Fishing Ship |
| 9:22 | Construir | Mining Camp |
| 9:27 | Construir | Mining Camp |
| 9:39 | Crear | Villager (Male) |
| 9:39 | Crear | Villager (Male) |
| 10:29 | Crear | Fishing Ship |
| 11:09 | Crear | Villager (Male) |
| 11:12 | Investigar | Feudal Age |
| 12:05 | Crear | Villager (Male) |
| 12:18 | Construir | Mill |
| 12:44 | Construir | Mining Camp |
| 12:59 | Crear | Villager (Male) |
| 13:22 | Edad | Edad Feudal |
| 13:31 | Construir | Market |
| 13:34 | Construir | Blacksmith |
| 13:40 | Crear | Demolition Raft |
| 13:41 | Crear | Demolition Raft |
| 14:02 | Investigar | Double-Bit Axe |
| 14:18 | Crear | Villager (Male) |
| 14:47 | Crear | Villager (Male) |
| 15:02 | Construir | Dock |
| 15:08 | Investigar | Castle Age |
| 15:09 | Investigar | Castle Age |
| 15:22 | Construir | Lumber Camp |
| 15:47 | Construir | Stone Wall |
| 15:48 | Construir | Stone Wall |
| 15:52 | Crear | Fishing Ship |
| 15:53 | Crear | Fishing Ship |
| 17:23 | Crear | Fishing Ship |
| 17:29 | Crear | Fishing Ship |
| 17:52 | Edad | Edad de los Castillos |
| 17:54 | Construir | Town Center |
| 18:00 | Construir | Town Center |
| 18:04 | Crear | Villager (Male) |
| 18:11 | Construir | Town Center |
| 18:13 | Crear | Villager (Male) |
| 18:13 | Crear | Villager (Male) |
| 18:13 | Crear | Villager (Male) |
| 18:15 | Investigar | Bow Saw |
| 18:39 | Construir | Stone Wall |
| 18:41 | Construir | Stone Wall |
| 18:56 | Crear | Villager (Male) |
| 18:57 | Crear | Villager (Male) |
| 18:57 | Crear | Villager (Male) |
| 19:07 | Crear | Villager (Male) |
| 19:15 | Crear | Fishing Ship |
| 19:15 | Crear | Fishing Ship |
| 19:17 | Crear | Villager (Male) |
| 19:17 | Crear | Villager (Male) |
| 19:25 | Construir | Dock |
| 19:29 | Crear | Villager (Male) |
| 19:29 | Crear | Villager (Male) |
| 19:32 | Crear | Fishing Ship |
| 19:36 | Crear | Fishing Ship |
| 19:48 | Construir | Fish Trap |
| 19:51 | Crear | Villager (Male) |
| 19:52 | Crear | Villager (Male) |
| 19:52 | Crear | Villager (Male) |
| 19:52 | Crear | Villager (Male) |
| 19:53 | Crear | Villager (Male) |
| 19:53 | Crear | Villager (Male) |
| 19:53 | Crear | Villager (Male) |
| 19:59 | Construir | Fish Trap |
| 20:11 | Crear | Fishing Ship |
| 20:11 | Crear | Fishing Ship |
| 20:14 | Construir | Dock |
| 20:14 | Crear | Villager (Male) |
| 20:15 | Crear | Villager (Male) |
| 20:15 | Crear | Villager (Male) |
| 20:42 | Construir | Fish Trap |
| 20:46 | Crear | Villager (Male) |
| 20:47 | Crear | Villager (Male) |
| 20:47 | Crear | Villager (Male) |
| 20:53 | Crear | Fishing Ship |
| 20:58 | Crear | Fishing Ship |
| 21:03 | Crear | Fishing Ship |
| 21:07 | Construir | Fish Trap |
| 21:16 | Construir | Dock |
| 21:22 | Construir | Fish Trap |
| 21:25 | Crear | Fishing Ship |
| 21:25 | Crear | Fishing Ship |
| 21:37 | Construir | Stone Wall |
| 21:38 | Construir | Stone Wall |
| 21:40 | Crear | Villager (Male) |
| 21:40 | Crear | Villager (Male) |
| 21:40 | Crear | Villager (Male) ×3 |
| 21:41 | Crear | Villager (Male) ×3 |
| 21:45 | Construir | Fish Trap |
| 21:48 | Construir | Fish Trap |
| 21:51 | Crear | Villager (Male) |
| 21:51 | Crear | Villager (Male) |
| 22:12 | Construir | Fish Trap |
| 22:15 | Construir | Farm |
| 22:19 | Construir | Fish Trap |
| 22:22 | Crear | Fishing Ship |
| 22:22 | Crear | Fishing Ship |
| 22:22 | Crear | Fishing Ship |
| 22:23 | Crear | Fishing Ship |
| 22:23 | Investigar | Tech 906 |
| 22:31 | Construir | Lumber Camp |
| 22:37 | Crear | Villager (Male) ×5 |
| 22:38 | Crear | Villager (Male) ×5 |
| 22:55 | Construir | Fish Trap |
| 22:58 | Construir | Fish Trap |
| 23:03 | Construir | Fish Trap |
| 23:08 | Construir | Fish Trap |
| 23:11 | Construir | Fish Trap |
| 23:15 | Construir | Fish Trap |
| 23:21 | Construir | Fish Trap |
| 23:30 | Investigar | Gold Mining |
| 23:34 | Crear | Villager (Male) |
| 23:35 | Crear | Villager (Male) |
| 23:35 | Crear | Villager (Male) |
| 23:35 | Crear | Villager (Male) |
| 23:35 | Crear | Villager (Male) |
Build order — iThink
Primeras 150 de 615 acciones detectadas
| 0:01 | Crear | Villager (Male) |
| 0:03 | Construir | House |
| 0:04 | Construir | House |
| 0:13 | Crear | Villager (Male) |
| 0:13 | Crear | Villager (Male) |
| 0:13 | Crear | Villager (Male) |
| 1:26 | Construir | Lumber Camp |
| 1:39 | Crear | Villager (Male) |
| 2:03 | Crear | Villager (Male) |
| 2:29 | Crear | Villager (Male) |
| 2:29 | Crear | Villager (Male) |
| 3:20 | Crear | Villager (Male) |
| 3:20 | Crear | Villager (Male) |
| 3:34 | Crear | Villager (Male) |
| 4:37 | Crear | Villager (Male) |
| 4:37 | Crear | Villager (Male) |
| 4:37 | Crear | Villager (Male) |
| 4:40 | Construir | Dock |
| 4:42 | Construir | House |
| 4:44 | Investigar | Loom |
| 4:52 | Crear | Villager (Male) |
| 4:52 | Crear | Villager (Male) |
| 4:52 | Crear | Villager (Male) |
| 4:53 | Crear | Villager (Male) |
| 5:30 | Crear | Villager (Male) |
| 5:30 | Crear | Villager (Male) |
| 5:34 | Crear | Fishing Ship |
| 5:56 | Construir | House |
| 6:16 | Crear | Villager (Male) |
| 6:18 | Crear | Fishing Ship |
| 6:28 | Crear | Villager (Male) |
| 6:35 | Crear | Villager (Male) |
| 6:39 | Construir | House |
| 7:09 | Crear | Villager (Male) |
| 7:10 | Crear | Villager (Male) |
| 7:19 | Crear | Fishing Ship |
| 7:56 | Crear | Villager (Male) |
| 8:00 | Construir | Mill |
| 8:25 | Crear | Villager (Male) |
| 9:06 | Crear | Fishing Ship |
| 9:16 | Construir | House |
| 9:18 | Construir | House |
| 9:31 | Crear | Fishing Ship |
| 9:48 | Crear | Villager (Male) |
| 10:04 | Investigar | Feudal Age |
| 10:31 | Construir | Mining Camp |
| 10:53 | Crear | Villager (Male) |
| 11:02 | Crear | Fishing Ship |
| 12:37 | Edad | Edad Feudal |
| 12:41 | Construir | Market |
| 12:43 | Construir | Blacksmith |
| 12:55 | Crear | Villager (Male) |
| 13:20 | Crear | Fishing Ship |
| 13:20 | Crear | Fishing Ship |
| 13:32 | Investigar | Castle Age |
| 13:48 | Crear | Fishing Ship |
| 13:56 | Investigar | Double-Bit Axe |
| 13:56 | Investigar | Double-Bit Axe |
| 13:58 | Investigar | Horse Collar |
| 14:25 | Construir | Fish Trap |
| 14:27 | Construir | Fish Trap |
| 14:31 | Construir | Fish Trap |
| 14:36 | Construir | Fish Trap |
| 14:44 | Construir | Fish Trap |
| 15:11 | Crear | Fishing Ship |
| 15:13 | Construir | House |
| 16:10 | Crear | Villager (Male) |
| 16:12 | Edad | Edad de los Castillos |
| 16:14 | Construir | Town Center |
| 16:28 | Investigar | Tech 906 |
| 16:36 | Crear | Villager (Male) |
| 16:46 | Construir | Fish Trap |
| 16:52 | Construir | Fish Trap |
| 17:00 | Construir | Fish Trap |
| 17:02 | Crear | Villager (Male) |
| 17:02 | Crear | Villager (Male) |
| 17:15 | Crear | Villager (Male) |
| 17:21 | Construir | Fish Trap |
| 17:26 | Crear | Villager (Male) |
| 17:33 | Crear | Villager (Male) |
| 17:35 | Crear | Villager (Male) |
| 17:38 | Crear | Villager (Male) |
| 17:38 | Crear | Villager (Male) |
| 17:39 | Crear | Villager (Male) |
| 17:47 | Crear | Villager (Male) |
| 17:47 | Crear | Villager (Male) |
| 17:52 | Crear | Fishing Ship |
| 17:59 | Investigar | Bow Saw |
| 18:07 | Crear | Villager (Male) |
| 18:16 | Construir | Dock |
| 18:41 | Crear | Villager (Male) |
| 18:44 | Construir | Fish Trap |
| 18:50 | Crear | Villager (Male) |
| 18:56 | Construir | House |
| 19:00 | Construir | Town Center |
| 19:06 | Crear | Villager (Male) |
| 19:09 | Construir | House |
| 19:17 | Crear | Villager (Male) |
| 19:30 | Construir | Siege Workshop |
| 20:01 | Crear | Mangonel |
| 20:04 | Construir | Barracks |
| 20:06 | Crear | Villager (Male) |
| 20:06 | Crear | Villager (Male) |
| 20:07 | Crear | Villager (Male) |
| 20:07 | Crear | Villager (Male) |
| 20:13 | Construir | Palisade Wall |
| 20:18 | Construir | Palisade Wall |
| 20:19 | Crear | Villager (Male) |
| 20:38 | Construir | Lumber Camp |
| 20:42 | Crear | Fishing Ship |
| 20:42 | Crear | Fishing Ship |
| 20:51 | Construir | Archery Range |
| 20:59 | Construir | House |
| 21:03 | Crear | Villager (Male) |
| 21:05 | Crear | Villager (Male) |
| 21:05 | Crear | Villager (Male) |
| 21:17 | Investigar | Fletching |
| 21:17 | Investigar | Padded Archer Armor |
| 21:22 | Construir | Archery Range |
| 21:23 | Construir | House |
| 21:28 | Crear | Skirmisher |
| 21:28 | Crear | Skirmisher |
| 21:31 | Construir | House |
| 21:36 | Crear | Villager (Male) |
| 21:46 | Construir | University |
| 21:49 | Crear | Villager (Male) |
| 21:49 | Crear | Villager (Male) |
| 21:50 | Crear | Villager (Male) |
| 21:56 | Crear | Skirmisher |
| 21:56 | Crear | Skirmisher |
| 21:58 | Construir | House |
| 21:58 | Construir | Farm |
| 22:04 | Construir | House |
| 22:05 | Construir | House |
| 22:07 | Crear | Villager (Male) |
| 22:12 | Crear | Scorpion |
| 22:15 | Crear | Skirmisher |
| 22:15 | Crear | Skirmisher |
| 22:27 | Crear | Villager (Male) |
| 22:29 | Crear | Villager (Male) |
| 22:33 | Crear | Villager (Male) |
| 22:37 | Construir | Farm |
| 22:38 | Construir | Farm |
| 22:54 | Crear | Villager (Male) |
| 23:04 | Investigar | Bodkin Arrow |
| 23:04 | Investigar | Bodkin Arrow |
| 23:05 | Crear | Villager (Male) |
| 23:15 | Investigar | Elite Skirmisher (upgrade) |
| 23:16 | Investigar | Elite Skirmisher (upgrade) |
| 23:21 | Construir | House |
Build order — trói em vào cột điện
Primeras 150 de 623 acciones detectadas
| 0:00 | Crear | Villager (Male) |
| 0:01 | Crear | Villager (Male) |
| 0:01 | Crear | Villager (Male) |
| 0:02 | Construir | House |
| 0:03 | Construir | House |
| 0:12 | Investigar | Loom |
| 0:13 | Crear | Villager (Male) |
| 0:14 | Crear | Villager (Male) |
| 0:20 | Crear | Villager (Male) |
| 2:13 | Crear | Villager (Male) |
| 3:08 | Construir | Palisade Wall |
| 3:08 | Construir | Palisade Wall |
| 3:11 | Construir | Palisade Wall |
| 3:12 | Construir | Palisade Wall |
| 3:27 | Crear | Villager (Male) |
| 3:28 | Crear | Villager (Male) |
| 3:40 | Construir | Palisade Wall |
| 3:55 | Crear | Villager (Male) |
| 3:56 | Crear | Villager (Male) |
| 4:07 | Construir | Lumber Camp |
| 4:29 | Crear | Villager (Male) |
| 4:46 | Construir | Palisade Wall |
| 4:51 | Construir | Palisade Wall |
| 5:02 | Crear | Villager (Male) |
| 5:02 | Crear | Villager (Male) |
| 5:29 | Crear | Villager (Male) |
| 5:30 | Crear | Villager (Male) |
| 6:03 | Crear | Villager (Male) |
| 6:22 | Crear | Villager (Male) |
| 6:22 | Crear | Villager (Male) |
| 6:26 | Construir | House |
| 6:48 | Crear | Villager (Male) |
| 7:03 | Crear | Villager (Male) |
| 7:14 | Crear | Villager (Male) |
| 7:29 | Construir | Mill |
| 7:37 | Crear | Villager (Male) |
| 7:46 | Crear | Villager (Male) |
| 8:09 | Crear | Villager (Male) |
| 9:25 | Crear | Villager (Male) |
| 9:48 | Construir | Mining Camp |
| 10:06 | Investigar | Feudal Age |
| 10:07 | Investigar | Feudal Age |
| 11:14 | Construir | Barracks |
| 11:57 | Crear | Villager (Male) |
| 12:02 | Construir | House |
| 12:16 | Edad | Edad Feudal |
| 12:18 | Construir | Watch Tower |
| 12:22 | Construir | Watch Tower |
| 12:24 | Crear | Villager (Male) |
| 12:47 | Investigar | Double-Bit Axe |
| 12:48 | Investigar | Double-Bit Axe |
| 12:48 | Investigar | Double-Bit Axe |
| 12:51 | Investigar | Tech 1014 |
| 12:51 | Investigar | Tech 1014 |
| 13:01 | Crear | Villager (Male) |
| 13:19 | Crear | Villager (Male) |
| 13:44 | Construir | House |
| 13:53 | Crear | Villager (Male) |
| 13:57 | Construir | Watch Tower |
| 14:25 | Crear | Villager (Male) |
| 14:38 | Crear | Villager (Male) |
| 14:47 | Construir | Watch Tower |
| 14:48 | Crear | Villager (Male) |
| 14:57 | Construir | Dock |
| 15:31 | Crear | Unit 2626 |
| 15:32 | Crear | Unit 2626 |
| 15:45 | Construir | House |
| 16:08 | Crear | Unit 2626 |
| 16:08 | Crear | Unit 2626 |
| 16:23 | Crear | Villager (Male) |
| 16:40 | Construir | Watch Tower |
| 16:45 | Crear | Villager (Male) |
| 16:52 | Construir | Pasture |
| 17:13 | Crear | Villager (Male) |
| 17:15 | Construir | Pasture |
| 17:39 | Construir | Pasture |
| 17:40 | Crear | Villager (Male) |
| 17:45 | Construir | Pasture |
| 18:01 | Crear | Villager (Male) |
| 18:03 | Construir | House |
| 18:03 | Construir | House |
| 18:09 | Crear | Fire Galley |
| 18:19 | Construir | House |
| 18:31 | Crear | Villager (Male) |
| 18:40 | Crear | Villager (Male) |
| 18:42 | Construir | Pasture |
| 18:51 | Construir | Pasture |
| 18:57 | Construir | House |
| 19:11 | Crear | Villager (Male) |
| 19:45 | Construir | Watch Tower |
| 19:47 | Crear | Villager (Male) |
| 19:53 | Construir | Blacksmith |
| 19:57 | Crear | Villager (Male) |
| 20:27 | Crear | Villager (Male) |
| 20:39 | Construir | House |
| 20:46 | Construir | Market |
| 20:48 | Investigar | Fletching |
| 20:48 | Investigar | Fletching |
| 21:36 | Construir | Lumber Camp |
| 21:55 | Crear | Galley |
| 22:20 | Investigar | Castle Age |
| 22:21 | Investigar | Castle Age |
| 22:25 | Crear | Galley |
| 22:25 | Crear | Galley |
| 22:39 | Crear | Galley |
| 22:57 | Construir | Stable |
| 23:10 | Crear | Villager (Male) |
| 23:23 | Crear | Villager (Male) |
| 23:30 | Crear | Galley |
| 23:36 | Crear | Villager (Male) |
| 23:57 | Crear | Villager (Male) |
| 24:08 | Crear | Villager (Male) |
| 24:41 | Construir | Dock |
| 25:00 | Edad | Edad de los Castillos |
| 25:02 | Crear | Villager (Male) |
| 25:05 | Construir | Siege Workshop |
| 25:17 | Crear | Fire Galley |
| 25:17 | Crear | Fire Galley |
| 25:19 | Crear | Villager (Male) |
| 25:23 | Crear | Villager (Male) |
| 25:32 | Crear | Villager (Male) |
| 25:32 | Crear | Villager (Male) |
| 25:37 | Investigar | Bodkin Arrow |
| 25:37 | Investigar | Bodkin Arrow |
| 25:38 | Crear | Villager (Male) |
| 25:43 | Crear | Fire Galley |
| 25:45 | Crear | Villager (Male) |
| 25:56 | Crear | Villager (Male) |
| 26:00 | Construir | Mining Camp |
| 26:03 | Construir | Mining Camp |
| 26:21 | Crear | Iron Pagoda |
| 26:22 | Crear | Iron Pagoda |
| 26:42 | Crear | Villager (Male) |
| 26:47 | Crear | Fire Galley |
| 26:57 | Crear | Villager (Male) |
| 26:59 | Construir | Lumber Camp |
| 27:04 | Crear | Villager (Male) |
| 27:08 | Construir | Dock |
| 27:35 | Crear | Villager (Male) |
| 27:35 | Crear | Villager (Male) |
| 27:43 | Crear | Villager (Male) |
| 27:51 | Crear | Villager (Male) |
| 27:51 | Crear | Villager (Male) |
| 27:52 | Crear | Fire Galley |
| 27:53 | Crear | Fire Galley |
| 28:06 | Construir | Watch Tower |
| 28:08 | Crear | Villager (Male) |
| 28:30 | Crear | Iron Pagoda |
| 28:37 | Crear | Villager (Male) |
| 28:52 | Crear | Villager (Male) |
Build order — Migulu
Primeras 150 de 356 acciones detectadas
| 0:04 | Construir | House |
| 0:05 | Construir | House |
| 0:06 | Crear | Villager (Male) ×4 |
| 1:51 | Crear | Villager (Male) |
| 1:51 | Crear | Villager (Male) |
| 1:54 | Investigar | Loom |
| 1:58 | Construir | Lumber Camp |
| 2:21 | Crear | Villager (Male) |
| 2:38 | Crear | Villager (Male) |
| 2:56 | Crear | Villager (Male) |
| 3:21 | Crear | Villager (Male) |
| 3:37 | Construir | House |
| 4:02 | Crear | Villager (Male) |
| 4:35 | Construir | Palisade Wall |
| 4:41 | Construir | Palisade Wall |
| 4:45 | Crear | Villager (Male) |
| 5:03 | Crear | Villager (Male) |
| 5:17 | Construir | Lumber Camp |
| 5:35 | Construir | House |
| 5:47 | Crear | Villager (Male) |
| 6:10 | Crear | Villager (Male) |
| 6:27 | Crear | Villager (Male) |
| 6:36 | Construir | Mill |
| 6:56 | Crear | Villager (Male) |
| 7:07 | Crear | Villager (Male) |
| 7:27 | Crear | Villager (Male) |
| 8:15 | Crear | Villager (Male) |
| 8:23 | Construir | House |
| 8:43 | Crear | Villager (Male) |
| 9:04 | Crear | Villager (Male) |
| 9:19 | Crear | Villager (Male) |
| 9:31 | Construir | House |
| 10:13 | Crear | Villager (Male) |
| 10:49 | Crear | Villager (Male) |
| 10:59 | Investigar | Feudal Age |
| 11:51 | Construir | Outpost |
| 11:59 | Construir | Mill |
| 12:07 | Construir | Mining Camp |
| 12:27 | Construir | Lumber Camp |
| 13:09 | Construir | Palisade Wall |
| 13:19 | Construir | Palisade Wall |
| 13:24 | Edad | Edad Feudal |
| 13:32 | Investigar | Town Watch |
| 13:33 | Crear | Villager (Male) |
| 13:36 | Construir | Market |
| 13:38 | Construir | Blacksmith |
| 13:48 | Construir | Palisade Wall |
| 13:53 | Construir | Palisade Wall |
| 14:17 | Construir | Stone Wall |
| 14:20 | Construir | Stone Wall |
| 15:25 | Investigar | Castle Age |
| 15:52 | Construir | Gate |
| 15:54 | Construir | Stone Wall |
| 15:55 | Construir | Stone Wall |
| 16:22 | Investigar | Double-Bit Axe |
| 17:28 | Construir | Gate |
| 17:30 | Construir | Stone Wall |
| 17:39 | Construir | Stone Wall |
| 17:55 | Investigar | Horse Collar |
| 18:04 | Construir | Farm |
| 18:05 | Edad | Edad de los Castillos |
| 18:06 | Construir | Farm |
| 18:07 | Construir | Farm |
| 18:08 | Crear | Villager (Male) |
| 18:08 | Crear | Villager (Male) |
| 18:13 | Construir | Farm |
| 18:16 | Construir | Town Center |
| 18:37 | Construir | Farm |
| 18:38 | Construir | Farm |
| 18:40 | Construir | Farm |
| 18:46 | Construir | Farm |
| 18:47 | Construir | Farm |
| 18:48 | Crear | Villager (Male) |
| 19:01 | Construir | Town Center |
| 19:15 | Construir | Farm |
| 19:16 | Construir | Farm |
| 19:16 | Construir | Farm |
| 19:21 | Construir | Farm |
| 19:24 | Crear | Villager (Male) |
| 19:24 | Crear | Villager (Male) |
| 19:28 | Construir | House |
| 19:37 | Construir | House |
| 19:38 | Construir | House |
| 19:39 | Construir | House |
| 19:41 | Crear | Villager (Male) |
| 20:00 | Crear | Villager (Male) |
| 20:05 | Construir | Farm |
| 20:05 | Construir | Farm |
| 20:08 | Construir | Farm |
| 20:09 | Crear | Villager (Male) |
| 20:12 | Construir | Farm |
| 20:28 | Crear | Villager (Male) |
| 20:28 | Crear | Villager (Male) |
| 20:48 | Construir | Farm |
| 20:55 | Construir | Farm |
| 20:58 | Construir | Farm |
| 20:59 | Crear | Villager (Male) |
| 20:59 | Crear | Villager (Male) |
| 21:27 | Crear | Villager (Male) |
| 21:27 | Crear | Villager (Male) |
| 21:28 | Crear | Villager (Male) |
| 21:34 | Construir | House |
| 21:35 | Construir | House |
| 21:36 | Construir | House |
| 21:36 | Construir | House |
| 21:39 | Construir | Farm |
| 21:45 | Crear | Villager (Male) |
| 21:45 | Crear | Villager (Male) |
| 21:45 | Crear | Villager (Male) |
| 22:00 | Investigar | Bow Saw |
| 22:07 | Construir | Farm |
| 22:13 | Construir | Farm |
| 22:18 | Construir | Farm |
| 22:24 | Crear | Villager (Male) |
| 22:24 | Crear | Villager (Male) |
| 22:25 | Crear | Villager (Male) |
| 22:36 | Construir | Farm |
| 22:45 | Crear | Villager (Male) |
| 22:46 | Crear | Villager (Male) |
| 22:57 | Construir | Farm |
| 23:01 | Investigar | Wheelbarrow |
| 23:18 | Crear | Villager (Male) |
| 23:18 | Crear | Villager (Male) |
| 23:19 | Crear | Villager (Male) |
| 23:19 | Crear | Villager (Male) |
| 23:26 | Construir | Town Center |
| 23:33 | Crear | Villager (Male) |
| 23:36 | Construir | House |
| 23:37 | Construir | House |
| 23:39 | Crear | Villager (Male) |
| 23:43 | Construir | Farm |
| 23:43 | Construir | Farm |
| 23:43 | Construir | Farm |
| 23:53 | Crear | Villager (Male) |
| 24:14 | Crear | Villager (Male) |
| 24:14 | Crear | Villager (Male) |
| 24:18 | Construir | Farm |
| 24:18 | Construir | Farm |
| 24:19 | Construir | Farm |
| 24:19 | Construir | Farm |
| 24:26 | Construir | Farm |
| 24:28 | Crear | Villager (Male) |
| 24:31 | Construir | Farm |
| 24:36 | Construir | House |
| 24:37 | Construir | House |
| 24:38 | Construir | House |
| 24:39 | Construir | House |
| 24:41 | Crear | Villager (Male) |
| 24:41 | Crear | Villager (Male) |
| 24:55 | Construir | Farm |
Build order — Bizzy
Primeras 150 de 679 acciones detectadas
| 0:01 | Crear | Villager (Male) |
| 0:02 | Crear | Villager (Male) |
| 0:02 | Construir | House |
| 0:03 | Construir | House |
| 0:08 | Crear | Villager (Male) |
| 0:11 | Investigar | Loom |
| 0:11 | Crear | Villager (Male) |
| 0:11 | Crear | Villager (Male) |
| 0:12 | Crear | Villager (Male) |
| 1:06 | Construir | Palisade Gate |
| 2:02 | Construir | Palisade Wall |
| 2:03 | Construir | Palisade Wall |
| 2:04 | Construir | Palisade Wall |
| 3:00 | Crear | Villager (Male) |
| 4:11 | Crear | Villager (Male) |
| 4:59 | Construir | Palisade Wall |
| 5:00 | Construir | Palisade Wall |
| 5:02 | Construir | Palisade Wall |
| 5:03 | Construir | Palisade Wall |
| 5:03 | Construir | Palisade Wall |
| 5:04 | Construir | Palisade Wall |
| 5:27 | Crear | Villager (Male) |
| 6:01 | Crear | Villager (Male) |
| 6:24 | Construir | Lumber Camp |
| 6:33 | Crear | Villager (Male) |
| 6:58 | Crear | Villager (Male) |
| 7:24 | Crear | Villager (Male) |
| 7:33 | Construir | House |
| 7:49 | Crear | Villager (Male) |
| 8:14 | Crear | Villager (Male) |
| 8:42 | Crear | Villager (Male) |
| 8:42 | Crear | Villager (Male) |
| 8:51 | Construir | Lumber Camp |
| 8:59 | Crear | Villager (Male) |
| 8:59 | Crear | Villager (Male) |
| 9:02 | Construir | House |
| 9:33 | Construir | Palisade Gate |
| 9:35 | Crear | Villager (Male) |
| 9:49 | Construir | Palisade Wall |
| 9:53 | Construir | Palisade Wall |
| 10:05 | Crear | Villager (Male) |
| 10:13 | Crear | Villager (Male) |
| 10:17 | Construir | Dock |
| 10:26 | Construir | Dock |
| 10:32 | Construir | House |
| 11:10 | Construir | House |
| 11:11 | Crear | Villager (Male) |
| 11:18 | Construir | Mill |
| 11:19 | Crear | Fishing Ship |
| 11:19 | Crear | Fishing Ship |
| 11:26 | Crear | Villager (Male) |
| 11:32 | Crear | Fishing Ship |
| 11:48 | Construir | House |
| 11:49 | Construir | House |
| 11:54 | Crear | Fishing Ship |
| 11:57 | Crear | Villager (Male) |
| 12:28 | Crear | Fishing Ship |
| 12:28 | Crear | Villager (Male) |
| 13:01 | Construir | Palisade Wall |
| 13:08 | Construir | House |
| 13:10 | Construir | Palisade Wall |
| 13:34 | Investigar | Feudal Age |
| 13:34 | Investigar | Feudal Age |
| 13:41 | Construir | Palisade Wall |
| 14:00 | Crear | Fishing Ship |
| 14:49 | Construir | Mining Camp |
| 15:02 | Construir | Palisade Wall |
| 15:03 | Construir | Palisade Wall |
| 15:44 | Edad | Edad Feudal |
| 15:50 | Construir | Blacksmith |
| 15:52 | Construir | Market |
| 15:55 | Construir | Palisade Wall |
| 16:02 | Crear | Villager (Male) |
| 16:47 | Investigar | Castle Age |
| 17:00 | Construir | Stone Wall |
| 17:00 | Construir | Stone Wall |
| 17:38 | Investigar | Double-Bit Axe |
| 18:23 | Crear | Villager (Male) |
| 18:47 | Crear | Villager (Male) |
| 18:58 | Investigar | Gold Mining |
| 19:27 | Edad | Edad de los Castillos |
| 19:33 | Construir | Siege Workshop |
| 19:35 | Construir | Monastery |
| 19:36 | Crear | Villager (Male) |
| 19:48 | Construir | Town Center |
| 20:18 | Crear | Iron Pagoda |
| 20:19 | Crear | Monk |
| 20:19 | Crear | Monk |
| 20:30 | Crear | Villager (Male) |
| 20:44 | Crear | Monk |
| 20:52 | Construir | House |
| 20:57 | Crear | Villager (Male) |
| 21:34 | Crear | Monk |
| 21:54 | Crear | Villager (Male) |
| 22:00 | Crear | Iron Pagoda |
| 22:13 | Crear | Villager (Male) |
| 22:17 | Crear | Villager (Male) |
| 22:35 | Crear | Villager (Male) |
| 22:38 | Construir | House |
| 23:09 | Crear | Villager (Male) |
| 23:10 | Crear | Iron Pagoda |
| 23:18 | Crear | Battering Ram |
| 23:21 | Crear | Villager (Male) |
| 23:23 | Construir | Farm |
| 23:24 | Construir | Farm |
| 23:25 | Construir | Farm |
| 23:25 | Crear | Villager (Male) |
| 23:36 | Crear | Villager (Male) |
| 23:40 | Crear | Villager (Male) |
| 23:46 | Crear | Villager (Male) |
| 23:48 | Crear | Villager (Male) |
| 24:16 | Crear | Villager (Male) |
| 24:53 | Crear | Monk |
| 25:29 | Crear | Villager (Male) |
| 25:32 | Crear | Iron Pagoda |
| 25:33 | Crear | Villager (Male) |
| 25:41 | Construir | Farm |
| 25:41 | Construir | Farm |
| 25:46 | Crear | Villager (Male) |
| 25:50 | Construir | Palisade Wall |
| 25:52 | Crear | Villager (Male) |
| 25:54 | Crear | Galley |
| 26:22 | Crear | Iron Pagoda |
| 26:23 | Crear | Villager (Male) |
| 26:33 | Construir | House |
| 26:33 | Construir | House |
| 26:35 | Crear | Villager (Male) |
| 26:38 | Construir | House |
| 26:43 | Construir | House |
| 26:48 | Construir | Farm |
| 26:49 | Construir | Farm |
| 27:02 | Crear | Villager (Male) |
| 27:16 | Crear | Villager (Male) |
| 27:21 | Crear | Villager (Male) |
| 27:38 | Crear | Villager (Male) |
| 27:39 | Crear | Iron Pagoda |
| 27:47 | Crear | Villager (Male) |
| 27:48 | Crear | Villager (Male) |
| 28:04 | Construir | Lumber Camp |
| 28:06 | Construir | Farm |
| 28:06 | Construir | Farm |
| 28:06 | Construir | Farm |
| 28:07 | Construir | Farm |
| 28:07 | Construir | Farm |
| 28:13 | Construir | Mining Camp |
| 28:16 | Crear | Villager (Male) |
| 28:24 | Construir | Farm |
| 28:25 | Construir | Farm |
| 28:25 | Construir | Farm |
| 28:25 | Construir | Farm |
Cronología de la partida
| 0:38 | SpeeDiK · wall_segment Palisade Wall x6 |
| 2:02 | Bizzy · wall_segment Palisade Wall x1 |
| 2:03 | Bizzy · wall_segment Palisade Wall x1 |
| 2:04 | Bizzy · wall_segment Palisade Wall x1 |
| 2:40 | SpeeDiK · wall_segment Palisade Wall x6 |
| 2:49 | JimmyButler_AoE · wall_segment Palisade Wall x1 |
| 3:03 | JimmyButler_AoE · wall_segment Palisade Wall x6 |
| 3:08 | trói em vào cột điện · wall_segment Palisade Wall x1 |
| 3:08 | trói em vào cột điện · wall_segment Palisade Wall x1 |
| 3:11 | trói em vào cột điện · wall_segment Palisade Wall x1 |
| 3:12 | trói em vào cột điện · wall_segment Palisade Wall x1 |
| 3:40 | trói em vào cột điện · wall_segment Palisade Wall x5 |
| 3:53 | [Anvil] Nikolettafraoula · wall_segment Palisade Wall x11 |
| 4:03 | SpeeDiK · wall_segment Palisade Wall x9 |
| 4:35 | Migulu · wall_segment Palisade Wall x4 |
| 4:40 | iThink · first_building Dock |
| 4:41 | Migulu · wall_segment Palisade Wall x4 |
| 4:46 | trói em vào cột điện · wall_segment Palisade Wall x1 |
| 4:46 | LordCow · first_building Dock |
| 4:51 | trói em vào cột điện · wall_segment Palisade Wall x6 |
| 4:59 | Bizzy · wall_segment Palisade Wall x1 |
| 5:00 | Bizzy · wall_segment Palisade Wall x1 |
| 5:02 | Bizzy · wall_segment Palisade Wall x1 |
| 5:03 | Bizzy · wall_segment Palisade Wall x1 |
| 5:03 | Bizzy · wall_segment Palisade Wall x1 |
| 5:04 | Bizzy · wall_segment Palisade Wall x1 |
| 5:04 | [Anvil] Nikolettafraoula · wall_segment Palisade Wall x13 |
| 5:15 | [Anvil] Nikolettafraoula · wall_segment Palisade Wall x9 |
| 5:31 | [Anvil] Nikolettafraoula · wall_segment Palisade Wall x10 |
| 5:36 | SpeeDiK · wall_segment Palisade Wall x10 |
| 6:11 | JimmyButler_AoE · wall_segment Palisade Wall x11 |
| 7:10 | LordCow · wall_segment Palisade Wall x1 |
| 8:27 | JimmyButler_AoE · wall_segment Palisade Wall x11 |
| 8:47 | JimmyButler_AoE · wall_segment Palisade Wall x6 |
| 9:49 | Bizzy · wall_segment Palisade Wall x1 |
| 9:53 | Bizzy · wall_segment Palisade Wall x1 |
| 10:17 | Bizzy · first_building Dock |
| 10:36 | JimmyButler_AoE · wall_segment Palisade Wall x1 |
| 10:39 | JimmyButler_AoE · wall_segment Palisade Wall x10 |
| 11:13 | SpeeDiK · age_up feudal |
| 11:14 | trói em vào cột điện · first_building Barracks |
| 11:24 | [Anvil] Nikolettafraoula · age_up feudal |
| 11:25 | SpeeDiK · wall_segment Stone Wall x7 |
| 11:32 | SpeeDiK · wall_segment Stone Wall x12 |
| 12:10 | JimmyButler_AoE · age_up feudal |
| 12:16 | trói em vào cột điện · age_up feudal |
| 12:37 | iThink · age_up feudal |
| 12:57 | [Anvil] Nikolettafraoula · first_market_sell 100 stone |
| 13:01 | Bizzy · wall_segment Palisade Wall x8 |
| 13:09 | Migulu · wall_segment Palisade Wall x1 |
| 13:10 | Bizzy · wall_segment Palisade Wall x5 |
| 13:19 | Migulu · wall_segment Palisade Wall x1 |
| 13:22 | LordCow · age_up feudal |
| 13:24 | Migulu · age_up feudal |
| 13:31 | SpeeDiK · wall_segment Stone Wall x1 |
| 13:41 | Bizzy · wall_segment Palisade Wall x9 |
| 13:48 | Migulu · wall_segment Palisade Wall x1 |
| 13:53 | Migulu · wall_segment Palisade Wall x1 |
| 14:17 | Migulu · wall_segment Stone Wall x6 |
| 14:20 | Migulu · wall_segment Stone Wall x3 |
| 14:29 | Migulu · first_market_sell 100 stone |
| 14:55 | JimmyButler_AoE · wall_segment Stone Wall x6 |
| 14:57 | trói em vào cột điện · first_building Dock |
| 15:02 | Bizzy · wall_segment Palisade Wall x4 |
| 15:03 | Bizzy · wall_segment Palisade Wall x4 |
| 15:09 | JimmyButler_AoE · wall_segment Stone Wall x12 |
| 15:10 | JimmyButler_AoE · wall_segment Stone Wall x1 |
| 15:40 | [Anvil] Nikolettafraoula · age_up castle |
| 15:44 | Bizzy · age_up feudal |
| 15:47 | LordCow · wall_segment Stone Wall x8 |
| 15:48 | LordCow · wall_segment Stone Wall x5 |
| 15:49 | SpeeDiK · age_up castle |
| 15:54 | Migulu · wall_segment Stone Wall x2 |
| 15:55 | SpeeDiK · first_building Siege Workshop |
| 15:55 | Migulu · wall_segment Stone Wall x5 |
| 15:55 | Bizzy · wall_segment Palisade Wall x1 |
| 16:12 | JimmyButler_AoE · age_up castle |
| 16:12 | iThink · age_up castle |
| 16:25 | JimmyButler_AoE · first_market_buy 100 stone |
| 16:46 | Bizzy · first_market_sell 100 wood |
| 17:00 | Bizzy · wall_segment Stone Wall x1 |
| 17:00 | Bizzy · wall_segment Stone Wall x1 |
| 17:09 | SpeeDiK · first_building Castle |
| 17:30 | Migulu · wall_segment Stone Wall x3 |
| 17:39 | Migulu · wall_segment Stone Wall x4 |
| 17:52 | LordCow · age_up castle |
| 18:05 | Migulu · age_up castle |
| 18:29 | JimmyButler_AoE · wall_segment Stone Wall x1 |
| 18:36 | JimmyButler_AoE · wall_segment Stone Wall x14 |
| 18:39 | LordCow · wall_segment Stone Wall x4 |
| 18:41 | LordCow · wall_segment Stone Wall x11 |
| 18:53 | JimmyButler_AoE · wall_segment Stone Wall x8 |
| 19:02 | JimmyButler_AoE · first_building Siege Workshop |
| 19:27 | Bizzy · age_up castle |
| 19:30 | iThink · first_building Siege Workshop |
| 19:33 | Bizzy · first_building Siege Workshop |
| 19:35 | Bizzy · first_building Monastery |
| 19:55 | Bizzy · first_market_buy 100 wood |
| 20:04 | iThink · first_building Barracks |
| 20:13 | iThink · wall_segment Palisade Wall x5 |
| 20:18 | iThink · wall_segment Palisade Wall x1 |
| 20:19 | SpeeDiK · first_market_sell 100 wood |
| 20:51 | iThink · first_building Archery Range |
| 21:25 | SpeeDiK · wall_segment Stone Wall x9 |
| 21:37 | LordCow · wall_segment Stone Wall x8 |
| 21:38 | LordCow · wall_segment Stone Wall x7 |
| 22:03 | trói em vào cột điện · first_market_sell 100 stone |
| 22:57 | trói em vào cột điện · first_building Stable |
| 23:02 | iThink · first_market_buy 100 food |
| 24:06 | iThink · first_building Castle |
| 24:09 | LordCow · wall_segment Stone Wall x9 |
| 24:09 | LordCow · wall_segment Stone Wall x5 |
| 25:00 | trói em vào cột điện · age_up castle |
| 25:05 | trói em vào cột điện · first_building Siege Workshop |
| 25:25 | [Anvil] Nikolettafraoula · first_building Monastery |
| 25:40 | LordCow · first_building Barracks |
| 25:50 | Bizzy · wall_segment Palisade Wall x1 |
| 26:20 | trói em vào cột điện · first_market_buy 100 wood |
| 26:35 | LordCow · first_building Siege Workshop |
| 27:05 | [Anvil] Nikolettafraoula · first_building Barracks |
| 27:25 | Migulu · wall_segment Stone Wall x4 |
| 27:45 | JimmyButler_AoE · first_market_sell 500 stone |
| 27:49 | LordCow · first_building Castle |
| 27:58 | Migulu · first_building Siege Workshop |
| 28:07 | [Anvil] Nikolettafraoula · first_building Archery Range |
| 28:22 | [Anvil] Nikolettafraoula · first_building Castle |
| 28:38 | Migulu · first_building Barracks |
| 28:52 | LordCow · first_building Stable |
| 29:14 | [Anvil] Nikolettafraoula · age_up imperial |
| 29:35 | Migulu · first_building Archery Range |
| 29:54 | Migulu · first_building Castle |
| 30:37 | LordCow · age_up imperial |
| 31:41 | LordCow · first_market_sell 100 food |
| 31:45 | [Anvil] Nikolettafraoula · first_building Stable |
| 31:58 | trói em vào cột điện · wall_segment Stone Wall x4 |
| 32:23 | Migulu · age_up imperial |
| 32:30 | iThink · age_up imperial |
| 33:22 | Bizzy · wall_segment Stone Wall x1 |
| 35:11 | JimmyButler_AoE · wall_segment Stone Wall x5 |
| 35:14 | iThink · first_building Monastery |
| 35:46 | JimmyButler_AoE · wall_segment Stone Wall x1 |
| 35:48 | LordCow · first_building Archery Range |
| 36:09 | JimmyButler_AoE · first_building Castle |
| 36:09 | [Anvil] Nikolettafraoula · first_building Siege Workshop |
| 36:29 | JimmyButler_AoE · wall_segment Stone Wall x2 |
| 36:36 | JimmyButler_AoE · wall_segment Stone Wall x2 |
| 37:22 | Bizzy · first_building Castle |
| 38:36 | trói em vào cột điện · first_building Archery Range |
| 38:44 | Bizzy · age_up imperial |
| 39:22 | SpeeDiK · first_market_buy 100 wood |
| 39:58 | SpeeDiK · age_up imperial |
| 40:02 | trói em vào cột điện · first_building Monastery |
| 40:16 | JimmyButler_AoE · wall_segment Stone Wall x1 |
| 40:20 | JimmyButler_AoE · wall_segment Stone Wall x2 |
| 40:35 | JimmyButler_AoE · age_up imperial |
| 41:05 | JimmyButler_AoE · wall_segment Stone Wall x1 |
| 41:12 | [Anvil] Nikolettafraoula · tribute_sent a jugador 2 |
| 41:12 | [Anvil] Nikolettafraoula · tribute_sent a jugador 3 |
| 41:12 | [Anvil] Nikolettafraoula · tribute_sent a jugador 4 |
| 41:12 | [Anvil] Nikolettafraoula · tribute_sent a jugador 5 |
| 41:12 | [Anvil] Nikolettafraoula · tribute_sent a jugador 6 |
| 41:12 | [Anvil] Nikolettafraoula · tribute_sent a jugador 7 |
| 41:12 | [Anvil] Nikolettafraoula · tribute_sent a jugador 8 |
| 41:43 | JimmyButler_AoE · wall_segment Stone Wall x2 |
| 41:47 | JimmyButler_AoE · wall_segment Stone Wall x1 |
| 42:25 | trói em vào cột điện · first_building Castle |
| 43:53 | trói em vào cột điện · age_up imperial |
| 44:09 | SpeeDiK · first_building Barracks |
| 44:27 | LordCow · wall_segment Stone Wall x3 |
| 44:29 | LordCow · wall_segment Stone Wall x1 |
| 45:23 | LordCow · tribute_sent a jugador 1 |
| 45:23 | LordCow · tribute_sent a jugador 2 |
| 45:23 | LordCow · tribute_sent a jugador 3 |
| 45:23 | LordCow · tribute_sent a jugador 5 |
| 45:23 | LordCow · tribute_sent a jugador 6 |
| 45:23 | LordCow · tribute_sent a jugador 7 |
| 45:23 | LordCow · tribute_sent a jugador 8 |
| 45:25 | [Anvil] Nikolettafraoula · tribute_sent a jugador 2 |
| 45:25 | [Anvil] Nikolettafraoula · tribute_sent a jugador 3 |
| 45:25 | [Anvil] Nikolettafraoula · tribute_sent a jugador 4 |
| 45:25 | [Anvil] Nikolettafraoula · tribute_sent a jugador 5 |
| 45:25 | [Anvil] Nikolettafraoula · tribute_sent a jugador 6 |
| 45:25 | [Anvil] Nikolettafraoula · tribute_sent a jugador 7 |
| 45:25 | [Anvil] Nikolettafraoula · tribute_sent a jugador 8 |
| 45:47 | Bizzy · first_building Barracks |
| 46:14 | Migulu · first_building Stable |
| 46:20 | Bizzy · first_building Stable |
| 49:44 | LordCow · first_building Monastery |
| 50:59 | JimmyButler_AoE · first_building Barracks |
| 51:21 | SpeeDiK · first_building Archery Range |
| 51:23 | SpeeDiK · first_building Stable |
| 51:26 | LordCow · wall_segment Stone Wall x2 |
| 52:54 | LordCow · tribute_sent a jugador 1 |
| 52:54 | LordCow · tribute_sent a jugador 2 |
| 52:54 | LordCow · tribute_sent a jugador 3 |
| 52:54 | LordCow · tribute_sent a jugador 5 |
| 52:54 | LordCow · tribute_sent a jugador 6 |
| 52:54 | LordCow · tribute_sent a jugador 7 |
| 52:54 | LordCow · tribute_sent a jugador 8 |
| 53:33 | JimmyButler_AoE · first_building Stable |
| 54:48 | Bizzy · wall_segment Stone Wall x2 |
| 55:34 | Migulu · tribute_sent a jugador 1 |
| 55:34 | Migulu · tribute_sent a jugador 2 |
| 55:34 | Migulu · tribute_sent a jugador 3 |
| 55:34 | Migulu · tribute_sent a jugador 4 |
| 55:34 | Migulu · tribute_sent a jugador 5 |
| 55:34 | Migulu · tribute_sent a jugador 6 |
| 55:34 | Migulu · tribute_sent a jugador 8 |
| 57:08 | JimmyButler_AoE · wall_segment Stone Wall x9 |
| 60:42 | Migulu · resign |
[ ANÁLISIS IA · 1 CRÉDITO ]
¿Qué pasó realmente en esta partida?
Wolo.gg analiza cada decisión: build order, eco, micro, errores típicos por bracket. Análisis personalizado por WhatsApp o Discord en 30 segundos.
Guía civ
Mongoles
Perfil
Jugador #1905077